Map: Oxide LE

Players

Epic

  • Race: Terran Terran

Vindicta - Winner!

  • Race: Terran Terran

Event: DreamHack SC2 Masters 2021 Fall

VOD

Have the link to the VOD?

Description

Time

  • Played on: Aug. 5, 2021, 4:19 p.m.
  • Length: 13:40

All games in this series

Show
View Real Time Build Order
Export as new Build Order

Epic Terran 

Build Orders: 1/1/1, Banshee Rush 

Get SALT Encoding   

  12  0:00  SCV  
  13  0:12  SCV  
  14  0:18  Supply Depot  
  14  0:24  SCV  
  15  0:40  Barracks  
  15  0:41  SCV  
  16  0:46  Refinery  
  16  0:53  SCV  
  16  0:56  Refinery  
  17  1:05  SCV  
  18  1:18  SCV  
  19  1:26  Barracks Tech Lab  
  19  1:30  Orbital Command  
  19  1:40  Factory  
  19  1:46  Marauder  
  21  1:53  Concussive Shells  
  21  2:01  Supply Depot  
  21  2:07  Marauder  
  23  2:22  SCV  
  24  2:25  Hellion  
  24  2:29  Starport  
  26  2:34  Marauder  
  26  2:37  SCV  
  29  2:48  Hellion  
  31  2:54  SCV  
  31  3:04  Supply Depot  
  30  3:08  SCV  
  28  3:20  Starport Tech Lab  
  28  3:24  SCV  
  29  3:31  Factory Tech Lab  
  29  3:36  SCV  
  29  3:38  Banshee, Cloaking Field  
  33  3:48  SCV  
  32  3:53  Supply Depot  
  32  4:00  SCV  
  32  4:02  Siege Tank  
  34  4:12  SCV  
  35  4:22  Banshee  
  36  4:26  SCV  
  37  4:41  SCV  
  37  4:42  Command Center  
  38  4:46  Cyclone  
  41  4:53  Supply Depot  
  41  4:56  SCV  
  42  5:04  Banshee  
  45  5:10  SCV  
  46  5:21  Siege Tank  
  49  5:22  SCV  
  50  5:40  SCV  
  48  5:49  Refinery  
  45  5:53  SCV  
  45  5:56  Command Center  
  46  6:01  Orbital Command  
  46  6:03  Starport Reactor  
  46  6:05  SCV  
  46  6:08  Siege Tank  
  50  6:18  SCV  
  51  6:28  Barracks  
  51  6:29  Barracks  
  51  6:33  SCV  
  51  6:34  SCV  
  53  6:41  Siege Tank  
  53  6:43  Viking  
  58  6:48  Viking  
  58  6:50  SCV  
  58  6:51  SCV  
  62  6:59  Supply Depot  
  62  7:02  SCV  
  62  7:04  SCV  
  64  7:09  Orbital Command  
  64  7:14  Siege Tank  
  67  7:16  Barracks Reactor  
  67  7:20  SCV  
  67  7:21  SCV  
  69  7:26  Marine  
  69  7:27  Stimpack  
  70  7:32  Viking  
  70  7:36  Viking, Orbital Command  
  74  7:40  SCV x2  
  76  7:46  Marine  
  76  7:47  Siege Tank  
  80  7:55  SCV x2  
  79  8:00  Marine  
  79  8:01  Marine  
  81  8:06  Refinery, Engineering Bay  
  81  8:07  SCV x2  
  81  8:08  SCV  
  81  8:09  Engineering Bay  
  81  8:10  Barracks Reactor  
  81  8:11  Viking x2  
  83  8:20  SCV x3  
  83  8:21  Marine x2  
  83  8:22  Marine  
  83  8:23  Siege Tank  
  92  8:30  Barracks  
  92  8:33  SCV, Barracks  
  93  8:36  Terran Infantry Weapons Level 1  
  93  8:38  SCV x2  
  93  8:40  Supply Depot  
  95  8:45  Terran Infantry Armor Level 1  
  95  8:48  Marine x3  
  98  8:50  Marine x2  
  98  8:51  SCV  
  101  8:59  SCV x2  
  101  9:00  Supply Depot x2  
  101  9:02  Medivac x2  
  103  9:07  Supply Depot  
  105  9:10  Combat Shield  
  105  9:12  SCV  
  105  9:13  SCV x2  
  108  9:18  Supply Depot  
  108  9:19  Barracks Reactor  
  108  9:20  Supply Depot  
  108  9:23  Barracks Tech Lab x2  
  108  9:27  SCV x3  
  110  9:36  Medivac  
  110  9:37  Medivac  
  114  9:42  SCV x3  
  116  9:45  Supply Depot  
  116  9:48  Command Center  
  116  9:49  Supply Depot  
  116  9:50  Siege Tank  
  119  9:54  Refinery, Marine  
  119  9:55  Marine  
  119  9:56  Refinery, Marine  
  122  10:02  Marauder  
  122  10:03  Marauder x2  
  128  10:07  Armory  
  128  10:13  Missile Turret  
  128  10:14  Missile Turret  
  128  10:18  Medivac  
  130  10:26  Medivac  
  120  10:34  Marine x4, Marauder x3  
  123  10:42  Missile Turret  
  123  10:47  SCV  
  123  10:48  SCV x2  
  123  10:49  Siege Tank  
  129  10:52  Marine  
  130  10:57  Terran Infantry Weapons Level 2  
  130  10:59  Marine x4  
  130  11:00  Terran Infantry Armor Level 2  
  130  11:02  SCV  
  135  11:10  Command Center  
  135  11:12  Marauder x2  
  135  11:13  Planetary Fortress  
  135  11:17  SCV x3  
  141  11:20  Viking  
  140  11:28  Viking  
  141  11:39  SCV x3  
  131  11:50  Marine x4, Marauder x3  
  130  11:54  Viking  
  130  11:56  SCV x3  
  130  11:57  Refinery, SCV  
  130  11:58  Refinery, Viking  
  133  12:05  Starport  
  133  12:06  Starport  
  133  12:08  Marine  
  134  12:10  Marine x3  
  134  12:12  Marauder x3  
  141  12:18  Siege Tank  
  138  12:28  Planetary Fortress  
  113  12:31  Marine x3  
  113  12:34  Marauder x3  
  121  12:39  Medivac x2  
  121  12:41  Marine  
  119  12:49  Marine x2  
  119  12:52  Marine  
  119  12:53  Siege Tank  
  119  12:56  Marauder x3  
  129  12:59  Marine  
  130  13:06  Marine  
  130  13:07  Marine  
  130  13:09  Marine, Medivac x2  
  137  13:13  Barracks  
  137  13:14  Barracks  
  137  13:17  Marine, Marauder x3  
Show
View Real Time Build Order
Export as new Build Order

Vindicta Terran - Winner!

Build Orders: Mech 

Get SALT Encoding   

  12  0:00  SCV  
  13  0:12  SCV  
  14  0:17  Supply Depot  
  14  0:24  SCV  
  14  0:27  Refinery  
  15  0:38  SCV  
  16  0:44  Barracks  
  16  0:50  SCV  
  16  0:55  Refinery  
  17  1:03  SCV  
  18  1:15  SCV  
  19  1:31  Reaper, Orbital Command  
  20  1:40  Factory  
  20  1:57  Supply Depot, SCV  
  21  2:03  Reaper  
  22  2:09  SCV  
  23  2:21  Bunker  
  22  2:23  SCV  
  22  2:26  Bunker, Widow Mine  
  25  2:35  Marine  
  25  2:38  SCV  
  25  2:42  Supply Depot  
  26  2:50  SCV  
  26  2:53  Marine  
  27  2:59  Factory Tech Lab  
  27  3:02  SCV  
  27  3:11  Marine  
  28  3:18  Cyclone  
  30  3:27  Command Center  
  29  3:30  Barracks Reactor  
  30  3:40  Supply Depot  
  29  3:42  Starport  
  29  3:56  SCV  
  33  4:08  SCV  
  33  4:09  Marine x2  
  35  4:16  Engineering Bay  
  33  4:20  Factory Tech Lab  
  33  4:31  Supply Depot  
  33  4:38  Raven, Orbital Command  
  36  4:42  Missile Turret  
  36  4:43  SCV  
  36  4:54  Cyclone  
  36  4:56  Marine, Orbital Command  
  36  4:59  Marine  
  41  5:05  SCV  
  42  5:16  Supply Depot  
  42  5:22  SCV x2  
  44  5:32  Siege Tank  
  46  5:37  SCV x2  
  48  5:49  SCV  
  48  5:51  Command Center  
  48  5:53  SCV  
  49  5:58  Raven  
  49  6:01  SCV  
  49  6:03  Supply Depot  
  52  6:06  SCV  
  52  6:07  Supply Depot  
  53  6:13  SCV  
  53  6:15  Refinery  
  53  6:17  Refinery  
  51  6:19  Marine x2  
  51  6:23  SCV  
  51  6:24  Siege Tank  
  57  6:26  SCV  
  57  6:35  SCV  
  57  6:38  SCV  
  58  6:47  SCV  
  58  6:50  SCV  
  60  6:58  Viking x2, Siege Tank  
  60  6:59  SCV  
  68  7:02  SCV  
  68  7:06  Orbital Command  
  69  7:11  SCV  
  69  7:12  Factory  
  69  7:14  SCV  
  70  7:23  SCV  
  70  7:26  SCV  
  70  7:28  Viking x2  
  70  7:29  Supply Depot  
  76  7:33  SCV, Siege Tank  
  76  7:35  SCV  
  81  7:38  SCV  
  81  7:40  Supply Depot  
  82  7:45  SCV  
  82  7:47  SCV  
  84  7:53  SCV  
  84  7:54  Factory  
  84  7:55  Supply Depot  
  84  7:58  Viking  
  84  7:59  Viking  
  84  8:04  Orbital Command  
  86  8:08  SCV x2, Hellion, Siege Tank  
  87  8:20  SCV x2  
  87  8:21  Refinery  
  87  8:25  Refinery  
  89  8:28  Viking  
  89  8:31  SCV  
  89  8:32  SCV x2  
  89  8:33  Siege Tank  
  97  8:38  Sensor Tower  
  97  8:40  Hellion, Factory Reactor  
  99  8:43  SCV  
  99  8:44  Supply Depot, SCV  
  101  8:52  SCV  
  101  8:55  SCV  
  100  8:56  SCV  
  100  8:57  Liberator  
  104  9:04  SCV  
  104  9:08  SCV, Factory x2  
  106  9:10  SCV  
  106  9:13  Siege Tank  
  106  9:15  Supply Depot  
  106  9:16  SCV  
  111  9:17  Supply Depot  
  111  9:20  SCV  
  111  9:22  SCV, Hellion x2  
  117  9:34  Supply Depot  
  117  9:38  SCV  
  121  9:41  Liberator x2  
  126  9:48  Supply Depot  
  126  9:49  Siege Tank x2  
  126  9:51  Hellion  
  126  9:52  Command Center  
  132  9:53  Factory Reactor, Factory Tech Lab  
  132  10:05  Infernal Pre-Igniter, Missile Turret x2  
  132  10:07  SCV  
  134  10:11  Armory  
  134  10:12  Hellion  
  134  10:13  Armory, Hellion  
  137  10:16  Barracks  
  137  10:17  Supply Depot  
  140  10:30  Siege Tank  
  140  10:31  Hellion x2  
  141  10:40  SCV  
  142  10:45  Missile Turret  
  142  10:46  Missile Turret  
  142  10:48  Hellion  
  142  10:49  Hellion  
  146  10:51  Missile Turret  
  146  10:52  SCV x2, Missile Turret  
  146  10:53  SCV  
  146  10:55  Hellion x2  
  151  10:58  Viking  
  151  10:59  Viking  
  151  11:03  Siege Tank  
  158  11:08  SCV x2  
  158  11:11  Terran Vehicle Weapons Level 1, Terran Vehicle And Ship Armor Level 1  
  156  11:17  Thor  
  156  11:18  Refinery  
  159  11:21  Refinery  
  153  11:25  Hellion x2  
  153  11:26  Hellion  
  153  11:29  Hellion  
  153  11:32  SCV  
  158  11:34  Planetary Fortress  
  156  11:54  Hellion  
  156  11:57  Hellion  
  156  11:58  Viking x2  
  156  11:59  Command Center  
  160  12:02  Hellion  
  160  12:03  SCV x2  
  160  12:05  Smart Servos  
  158  12:11  Siege Tank x2  
  158  12:12  Siege Tank  
  158  12:15  Supply Depot x2  
  167  12:20  SCV  
  166  12:28  Viking x2  
  168  12:30  Hellion x3  
  166  12:42  Hellion  
  166  12:43  Siege Tank x2  
  180  12:45  SCV  
  180  12:48  Starport  
  180  12:49  Fusion Core, Starport  
  183  12:51  Hellion  
  183  12:54  Hellion  
  185  13:03  Sensor Tower, Hellion  
  187  13:06  Hellion  
  187  13:09  SCV x2  
  187  13:11  Armory  
  188  13:26  Starport Tech Lab  
  188  13:27  Starport Tech Lab  

Tags
 
Add a new tag
Caveats
  • Supply blocks, unpowered buildings, or Contaminate may cause inaccurate times.
  • Supply counts are checked every 10 seconds.